 Dungeon Crawl Stone Soup version 0.31-a0-188-g5e087ee2ca (webtiles) character file.

Game seed: 6045610033419619010

208 qw the Skirmisher (level 5, -4/29 HPs)
             Began as a Deep Elf Hunter on June 23, 2023.
             Slain by Eustachio
             ... wielding a +0 rapier
              (5 damage)
             ... on level 4 of the Dungeon.
             The game lasted 00:01:03 (2880 turns).

qw the Skirmisher (Deep Elf Hunter)                 Turns: 2880, Time: 00:01:03

Health: -4/29      AC:  4    Str: 10    XL:     5   Next: 55%
Magic:  7/7        EV: 12    Int: 14    God:
Gold:   194        SH:  0    Dex: 18    Spells: 4/4 levels left

rFire   + . .        Y - +0 shortbow
rCold   . . .        (shield currently unavailable)
rNeg    . . .        c - +0 leather armour
rPois   .            (no helmet)
rElec   .            e - +0 cloak
rCorr   .            (no gloves)
SInv    .            (no boots)
Will    .....        h - amulet of faith
Stlth   ++           b - ring of protection from fire
HPRegen 0.24/turn    (no ring)
MPRegen 0.10/turn

%: faith
@: no status effects
A: no striking features
a: no special abilities


You were on level 4 of the Dungeon.
You visited 1 branch of the dungeon, and saw 4 of its levels.

You collected 194 gold pieces.


   Skills:
 - Level 1.5 Fighting
 - Level 9.0 Ranged Weapons
 + Level 2.6 Dodging
 - Level 1.2 Stealth


You had 4 spell levels left.
You didn't know any spells.
Your spell library was empty.

Inventory:

Hand Weapons
 Y - a +0 shortbow (weapon)
Armour
 c - a +0 leather armour (worn)
 e - a +0 cloak (worn)
Jewellery
 b - a ring of protection from fire (left hand)
 h - an amulet of faith (around neck)
 j - a ring of see invisible
 m - an amulet of guardian spirit
Scrolls
 a - a scroll of identify
 i - a scroll of enchant weapon {unknown}
 l - a scroll of fear {unknown}
Potions
 d - a potion of curing
 f - a potion of attraction {unknown}
 g - a potion of haste {unknown}
 k - a potion of mutation {unknown}

Dungeon Overview and Level Annotations

Branches:
Dungeon (4/15)
 Temple: D:4-7

Altars:
Hepliaklqana

Annotations:
D:4 Eustachio


Message History

Enter note:
Enter note:
Enter note:
Enter note:
Enter note:
Enter note:
Enter note: You shoot an arrow.
The arrow hits Eustachio but does no damage.
You shoot an arrow. The arrow closely misses Eustachio.
You shoot an arrow.
The arrow hits Eustachio but does no damage.
You shoot an arrow. The arrow hits Eustachio.
Eustachio is lightly wounded.
You shoot an arrow. The arrow barely misses Eustachio.
You shoot an arrow. The arrow hits Eustachio.
Eustachio is lightly wounded.
Eustachio hits you with a +0 rapier!
You shoot an arrow. The arrow hits Eustachio.
Eustachio is moderately wounded.
Eustachio hits you with a +0 rapier.
You shoot an arrow.
The arrow hits Eustachio but does no damage.
Eustachio is moderately wounded.
You shoot an arrow. The arrow hits Eustachio.
Eustachio is moderately wounded.
Eustachio hits you with a +0 rapier.
You shoot an arrow.
The arrow hits Eustachio but does no damage.
Eustachio is moderately wounded.
Eustachio closely misses you.
You shoot an arrow. The arrow hits Eustachio.
Eustachio is moderately wounded.
Eustachio hits you with a +0 rapier.
You shoot an arrow. The arrow hits Eustachio.
Eustachio is heavily wounded.
Eustachio hits you with a +0 rapier!
You shoot an arrow. The arrow closely misses Eustachio.
Eustachio hits you with a +0 rapier.
You die...

......####### #...#.# #.#
#####.# #.# #.# #.# #.#
#.# #####.# #.# ......#
#.# ......# #@# ......#
#@# ......# #.# ......#
#.#
......##########.########
...............#........#
##############.#######.##
#.# #.# #.# #.# #.# #.#


You could see Eustachio.

Vanquished Creatures
  A jelly (D:4)
  An iguana (D:4)
  An orc wizard (D:3)
  3 gnolls
  4 adders
  2 dart slugs
  4 orcs (D:3)
  4 endoplasms
  3 giant cockroaches
  5 hobgoblins
  2 jackals (D:3)
  12 kobolds
  2 quokkas
  2 ball pythons
  3 bats
  5 frilled lizards
  4 goblins
  4 rats
62 creatures vanquished.

Notes
Turn   | Place    | Note
-------+----------+-------------------------------------------
     0 | D:1      | qw the Deep Elf Hunter began the quest for the Orb.
     0 | D:1      | Reached XP level 1. HP: 12/12 MP: 3/3
     0 | D:1      | 0 ||| qw: Version: 0.3-a-9-g12657ce
     0 | D:1      | 0 ||| qw: Game counter: 4135
     0 | D:1      | 0 ||| qw: Always use a shield: true
     0 | D:1      | 0 ||| qw: God list: Okawaru
     0 | D:1      | 0 ||| qw: Allow faded altars: false
     0 | D:1      | 0 ||| qw: Do Orc after D:15 true
     0 | D:1      | 0 ||| qw: Do second Lair branch before Depths: true
     0 | D:1      | 0 ||| qw: Lair rune preference: random
     0 | D:1      | 0 ||| qw: Plans: Normal
     0 | D:1      | 0 ||| PLANNING D:1-11
    38 | D:1      | You fall into a shaft and drop 1 floor!
    51 | D:2      | 51 ||| READING scroll labelled DEOCE UBISI.
    52 | D:2      | 52 ||| DROPPING scroll of butterflies.
   267 | D:1      | Reached skill level 6 in Ranged Weapons
   267 | D:1      | Reached XP level 2. HP: 16/16 MP: 4/4
   692 | D:1      | 692 ||| UPGRADING to +0 cloak.
   697 | D:1      | 697 ||| UPGRADING to ring of protection from fire.
   698 | D:1      | 698 ||| DROPPING ring of magical power.
   699 | D:1      | 699 ||| READING scroll labelled YKHAME IFEBB.
   704 | D:1      | 704 ||| READING scroll labelled WEGAETRO AHEFO.
   705 | D:1      | 705 ||| READING 2 scrolls labelled OCSUAK YKYORRE.
   706 | D:1      | 706 ||| DROPPING scroll of noise.
   865 | D:2      | Reached XP level 3. HP: 20/20 MP: 5/5
   935 | D:2      | 935 ||| FLEEEEING.
   936 | D:2      | 936 ||| FLEEEEING.
  1180 | D:2      | Reached skill level 7 in Ranged Weapons
  1391 | D:2      | 1391 ||| DROPPING ring of flight.
  1392 | D:2      | 1392 ||| READING scroll labelled VIYM KIUTE.
  1394 | D:2      | 1394 ||| Stepping ~*~*~tactically~*~*~ (cloud).
  1399 | D:2      | HP: 5/20 [poisoned by you (poison gas)]
  1638 | D:3      | Found a hazy altar of Hepliaklqana.
  2077 | D:3      | Reached XP level 4. HP: 25/25 MP: 6/6
  2201 | D:3      | 2201 ||| UPGRADING to amulet of faith.
  2206 | D:3      | 2206 ||| READING scroll labelled KITOSU BUQEKHLA.
  2207 | D:3      | 2207 ||| READING 2 scrolls of identify.
  2207 | D:3      | 2207 ||| IDENTIFYING lumpy emerald potion
  2234 | D:4      | Reached skill level 8 in Ranged Weapons
  2236 | D:4      | 2236 ||| FLEEEEING.
  2237 | D:4      | 2237 ||| FLEEEEING.
  2238 | D:4      | 2238 ||| STAIRDANCE
  2240 | D:3      | HP: 2/25 [gnoll/+0 flail (10)]
  2339 | D:4      | 2339 ||| STAIRDANCE
  2446 | D:4      | Reached XP level 5. HP: 29/29 MP: 7/7
  2676 | D:4      | Reached skill level 9 in Ranged Weapons
  2867 | D:4      | Noticed Eustachio
  2879 | D:4      | HP: 1/29 [Eustachio/+0 rapier (7)]
  2880 | D:4      | Slain by Eustachio

Levels and vault maps discovered:
D:1:      ncdulo_watergridlock, layout_loops_ring, minivault_26,
          amethyst_killhole, hangedman_feature_mirror
D:2:      layout_basic
D:3:      layout_basic, mainiacjoe_overflow_chevrons, serial_glass,
          glass_columns_a, glass_columns_b, glass_columns_a, glass_columns_a,
          glass_columns_c, glass_columns_a
D:4:      layout_basic, grunt_ministairs_6, uniq_eustachio

Skill      XL: |  1  2  3  4  5 |
---------------+----------------+-----
Ranged Weapons | 6 7 8 9 |  9.0
Fighting       | |  1.5
Dodging        | |  2.6
Stealth        | |  1.2

Action                     |  1- 3 |  4- 6 || total
---------------------------+-------+-------++-------
   Fire: Shortbow          |   117 |    73 ||   190
    Use: Scroll            |     5 |     2 ||     7
 Armour: Leather armour    |     6 |     6 ||    12
  Dodge: Dodged            |    13 |    18 ||    31

Table legend:
 A = Non-vault XP
 B = Vault XP
 C = Vault XP percentage of total XP
 D = Non-vault monster count
 E = Vault monster count
 F = Vault count percentage of total count
                 A         B        C        D         E       F
            +---------+---------+-------+---------+---------+-------
      Total |     239 |      59 |  19.8 |      56 |       6 |   9.7
            +---------+---------+-------+---------+---------+-------
        D:1 |      29 |       4 |  12.1 |      17 |       2 |  10.5
        D:2 |      32 |       0 |   0.0 |      10 |       0 |   0.0
        D:3 |      71 |      27 |  27.6 |      21 |       2 |   8.7
        D:4 |     107 |      28 |  20.7 |       8 |       2 |  20.0
            +---------+---------+-------+---------+---------+-------
